 Dungeon Crawl Stone Soup version 0.21-a0-404-g291f19a (webtiles) character file.

172 CanOfBees the Skirmisher (level 5, -5/48 HPs)
             Began as a Minotaur Fighter on Oct 28, 2017.
             Killed by divine providence
             ... invoked by an orc priest
              (14 damage)
             ... on level 3 of the Dungeon.
             The game lasted 00:03:05 (1897 turns).

CanOfBees the Skirmisher (Minotaur Fighter)         Turns: 1897, Time: 00:03:06

Health: -5/48      AC:  6    Str: 21    XL:     5   Next: 27%
Magic:  4/4        EV:  8    Int:  5    God:
Gold:   68         SH:  9    Dex: 10    Spells: 4/4 levels left

rFire    . . .     SeeInvis .   a - +0 long sword
rCold    . . .     Gourm    .   c - +0 shield
rNeg     . . .     Faith    .   b - +0 scale mail
rPois    .         Spirit   .   (helmet restricted)
rElec    .         Reflect  .   (no cloak)
rCorr    .         Harm     .   (no gloves)
MR       .....                  (no boots)
Stlth    ..........             (no amulet)
HPRegen  0.16/turn              (no ring)
MPRegen  0.09/turn              (no ring)

@: no status effects
A: retaliatory headbutt, horns 2
a: no special abilities


You were on level 3 of the Dungeon.
You were not hungry.

You visited 1 branch of the dungeon, and saw 3 of its levels.

You collected 68 gold pieces.

Inventory:

Hand Weapons
 a - a +0 long sword (weapon)
 n - a +0 hunting sling
Missiles
 h - 25 sling bullets
 p - 3 javelins (quivered)
Armour
 b - a +0 scale mail (worn)
 c - a +0 shield (worn)
Scrolls
 i - a scroll of identify
 k - 4 scrolls of remove curse
 m - a scroll of enchant armour {unknown}
 o - a scroll of fear {unknown}
 q - a scroll of amnesia {unknown}
Potions
 d - a potion of might
 e - 2 potions of curing
Books
 g - Vehumet's Guide on Arcane Weapons
   (You found it on level 2 of the Dungeon)

   Spells                             Type                      Level
   a - Magic Dart                     Conjuration                  1
Comestibles
 f - 3 bread rations
 j - a royal jelly
 l - 2 fruits
 r - 2 chunks of flesh


   Skills:
 + Level 5.1 Fighting
 + Level 4.2 Long Blades
 - Level 3.6 Armour
 + Level 3.1 Dodging
 - Level 3.6 Shields


You had 4 spell levels left.
You didn't know any spells.

Dungeon Overview and Level Annotations

Branches:
Dungeon (3/15)

Altars:
Kikubaaqudgha
Sif Muna
Vehumet


Innate Abilities, Weirdness & Mutations

You reflexively headbutt those who attack you in melee.
You have a pair of horns on your head.


Message History

The orc priest hits you with a flail! The orc hits you but does no damage.
You barely miss the orc priest. The orc barely misses you.
You furiously retaliate!
You headbutt the orc.
The orc wizard mumbles some strange words.
The orc wizard blinks!
You block the orc priest's attack.
Your shield and scale mail prevent you from hitting the orc priest.
The orc hits you but does no damage.
The orc priest hits you but does no damage.
The orc hits you but does no damage.
You hit the orc priest.
The orc priest is lightly wounded.
The orc priest calls down the wrath of Beogh upon you.
Pain shoots through your body!
* * * LOW HITPOINT WARNING * * *
The orc hits you but does no damage.
You barely miss the orc priest.
The orc priest is lightly wounded.
The orc priest mumbles some strange prayers to Beogh against you.
Beogh smites you!
You die...

### #.. ..# #.#
#.# #.# #.# ###
#.#####.####.####
#.##............)
#..>....##.....##
###..###..###...##
#o@..# #..# ##.##
#o#..###..# #.#
#o##.....## #.#
#o######## #+# ...
... ..... ....o
.....[.


You could see an orc priest, an orc wizard and 2 orcs.

Vanquished Creatures
  A worker ant (D:2)
  4 gnolls (D:2)
  6 adders
  An ooze (D:1)
  A dart slug (D:1)
  An orc (D:2)
  5 bats
  2 giant cockroaches (D:2)
  8 goblins
  7 hobgoblins
  7 kobolds
  A ball python (D:1)
  5 rats
49 creatures vanquished.

Notes
Turn   | Place    | Note
-------+----------+-------------------------------------------
     0 | D:1      | CanOfBees the Minotaur Fighter began the quest for the Orb.
     0 | D:1      | Reached XP level 1. HP: 19/19 MP: 0/0
    60 | D:1      | Reached skill level 1 in Dodging
    60 | D:1      | Reached XP level 2. HP: 26/27 MP: 1/1
   135 | D:1      | Reached skill level 4 in Fighting
   516 | D:1      | Reached XP level 3. HP: 33/33 MP: 2/2
  1095 | D:2      | Reached XP level 4. HP: 32/41 MP: 3/3
  1435 | D:2      | Reached XP level 5. HP: 29/47 MP: 4/4
  1438 | D:2      | Reached skill level 5 in Fighting
  1701 | D:2      | Found a radiant altar of Vehumet.
  1703 | D:2      | Identified Vehumet's Guide on Arcane Weapons
  1727 | D:2      | Found an ancient bone altar of Kikubaaqudgha.
  1728 | D:2      | Found a deep blue altar of Sif Muna.
  1897 | D:3      | Killed from afar by an orc priest

Vault maps used:
D:1:      onia_arrival_handbag, minmay_pentomino_r4
D:2:      grunt_temple_overflow_magic_moments
D:3:      cheibrodos_sewer_entry_drain

Skill      XL: |  1  2  3  4  5 |
---------------+----------------+-----
Dodging        | 1 2 3 |  3.1
Fighting       | 4 5 |  5.1
Long Blades    | 3 4 |  4.2
Armour         | |  3.6
Shields        | |  3.6

Action                   |  1- 3 |  4- 6 || total
-------------------------+-------+-------++-------
Melee: Long sword        |    90 |    50 ||   140
       Headbutt          |    13 |    10 ||    23
  Use: Scroll            |       |     2 ||     2
  Eat: Chunk             |     1 |     2 ||     3
Armor: Scale mail        |    38 |    18 ||    56
Dodge: Dodged            |    29 |    20 ||    49
Block: Shield            |    54 |    25 ||    79
       Rpst.: Long sword |     5 |     4 ||     9

Table legend:
 A = Spawn XP
 B = Non-spawn XP
 C = Spawn XP percentage of total XP
 D = Spawn monster count
 E = Non-spawn monster count
 F = Spawn count percentage of total count
 G = Total turns spent on level
                    A         B        C        D         E        F      G
               +---------+---------+-------+---------+---------+-------+---------
         Total |       0 |     246 |   0.0 |       0 |      49 |   0.0 |  1897
               +---------+---------+-------+---------+---------+-------+---------
           D:1 |       0 |      43 |   0.0 |       0 |      21 |   0.0 |   673
           D:2 |       0 |     187 |   0.0 |       0 |      26 |   0.0 |  1151
           D:3 |       0 |      16 |   0.0 |       0 |       2 |   0.0 |    73
               +---------+---------+-------+---------+---------+-------+---------
